AoeStats
← Tchitchi d'Afflelou

Arena

510878480Analyzed
4v4 RM · 15h ago on Oct 2, 2026· 44m 35s· 8 players
Game mode
Random Map
Map size
Large (8 player)
Population
200
Speed
Normal
Resources
Standard
Victory
Conquest
Starting age
Dark Age
Ending age
Imperial Age
RankedLock teamsTeams togetherTeam positionsShared explorationLock speedFull tech treeHidden civsTurbo modeCheats
Victory
Defeat
🇲🇽 Cumans · Mexico
1459
+12
🇨🇴 Persians · Colombia
1451
+13
🇨🇳 Franks · China
1317
+18
🇺🇸 Japanese · United States
1258
+21
🇺🇸 Saxons · United States
1437
-18
🇫🇷 Malay · France
1387
-17
🇦🇹 Sicilians · Austria
1366
-16
🇪🇨 Burgundians · Ecuador
1289
-13
brendan.killough
9:30 Feudal Age
13:20 Castle Age
11:33 Double-Bit Axe
12:14 Horse Collar
14:21 Bow Saw
17:50 Heavy Plow
19:46 Wheelbarrow
22:32 Hand Cart
25:14 Loom
26:32 Scale Mail Armor
29:05 Squires
33:33 Chain Mail Armor
33:29 Forging
33:48 Gambesons
36:06 Fletching
40:32 Arson
41:07 Bodkin Arrow
41:47 Iron Casting
da.mighty.sloth
11:08 Feudal Age
15:12 Castle Age
13:27 Double-Bit Axe
13:45 Horse Collar
14:54 Loom
25:19 Bloodlines
26:48 Scale Barding Armor
26:53 Forging
27:08 Husbandry
40:15 Imperial Age
38:42 Scale Barding Armor
39:13 Iron Casting
39:41 Wheelbarrow
39:55 Pikeman
41:12 Chain Barding Armor
40:40 Cavalier
40:46 Cavalier
41:33 Fletching
Tchitchi d'Afflelou
4:22 Loom
26:29 Feudal Age
29:08 Horse Collar
29:16 Double-Bit Axe
30:11 Wheelbarrow
33:05 Castle Age
31:34 Arson
32:23 Gold Mining
32:05 Man-at-Arms
32:50 Fletching
Jinxo
5:43 Double-Bit Axe
7:15 Wheelbarrow
11:06 Feudal Age
9:50 Horse Collar
15:20 Castle Age
13:18 Horse Collar
13:59 Heavy Plow
14:59 Bow Saw
16:16 Hand Cart
23:39 Two-Man Saw
23:10 Loom
25:34 Scale Barding Armor
25:51 Fortified Wall
28:23 Imperial Age
25:33 Cavalier
26:13 Husbandry
27:25 Chain Barding Armor
27:08 Town Watch
27:44 Ballistics
28:09 Forging
30:05 Chemistry
30:13 Plate Barding Armor
29:56 Padded Archer Armor
30:41 Stone Mining
30:43 Gold Mining
31:13 Scale Mail Armor
31:27 Squires
31:12 Arson
32:17 Iron Casting
31:36 Pikeman
32:39 Chain Mail Armor
33:06 Crop Rotation
36:11 Plate Mail Armor
36:00 Leather Archer Armor
36:30 Halberdier
38:30 Gold Shaft Mining
39:30 Blast Furnace
38:48 Light Cavalry
40:07 Bombard Tower
40:56 Fletching
41:24 Murder Holes
42:03 Bodkin Arrow
42:19 Town Patrol
42:02 Treadmill Crane
42:34 Masonry
43:09 Elite Skirmisher
SimmaHem7912
7:03 Loom
9:25 Feudal Age
10:23 Man-at-Arms
12:23 Double-Bit Axe
15:55 Horse Collar
21:32 Wheelbarrow
22:30 Scale Mail Armor
24:25 Forging
25:43 Stone Mining
32:07 Castle Age
31:09 Gold Mining
32:23 Fletching
32:20 Pikeman
33:01 Squires
33:21 Capped Ram
37:50 Gold Shaft Mining
37:26 Bow Saw
37:19 Heavy Plow
40:49 Imperial Age
39:47 Chain Mail Armor
41:14 Siege Ram
43:19 Two-Man Saw
43:01 Conscription
42:46 Steppe Husbandry
43:20 Fervor
43:11 Atonement
43:56 Plate Mail Armor
42:51 Halberdier
42:51 Long Swordsman
43:55 Hand Cart
43:25 Town Watch
OXYEHHO
10:45 Feudal Age
15:20 Castle Age
13:36 Double-Bit Axe
14:03 Horse Collar
16:17 Bow Saw
16:40 Gold Mining
18:49 Scale Mail Armor
20:47 Forging
23:07 Chain Mail Armor
30:38 Iron Casting
31:26 Wheelbarrow
35:33 Fletching
37:10 Bodkin Arrow
37:34 Loom
40:32 Imperial Age
38:21 Padded Archer Armor
38:41 Town Watch
38:26 Crossbowman
40:42 Gold Shaft Mining
40:29 Thumb Ring
41:31 Ballistics
40:40 Arbalester
41:24 Bracer
42:03 Leather Archer Armor
43:13 Chemistry
41:55 Treadmill Crane
41:38 Elite Skirmisher
43:37 Hand Cart
44:06 Masonry
45:22 Ring Archer Armor
THE CID
10:06 Feudal Age
14:52 Castle Age
15:50 Double-Bit Axe
16:02 Horse Collar
19:30 Heavy Plow
20:48 Scale Mail Armor
22:02 Forging
24:54 Husbandry
27:11 Wheelbarrow
26:34 Gold Mining
28:39 Gold Shaft Mining
29:05 Hand Cart
32:03 Iron Casting
32:01 Chain Mail Armor
32:55 Scale Barding Armor
36:02 Chain Barding Armor
36:04 Loom
40:35 Imperial Age
40:17 Cavalier
41:30 Plate Mail Armor
42:55 Savar
45:47 Blast Furnace
945100118
10:27 Feudal Age
14:08 Castle Age
12:33 Double-Bit Axe
22:23 Bow Saw
23:47 Gold Mining
27:27 Imperial Age
25:34 Wheelbarrow
24:45 Town Watch
26:36 Gold Shaft Mining
25:54 Stone Mining
26:11 Scale Barding Armor
26:17 Forging
27:00 Hand Cart
26:45 Town Patrol
26:31 Loom
27:32 Cavalier
28:28 Husbandry
28:45 Town Patrol
29:41 Chain Barding Armor
29:57 Iron Casting
30:56 Paladin
32:28 Plate Barding Armor
33:36 Chivalry
35:30 Blast Furnace
34:30 Scale Mail Armor
35:48 Chemistry
35:49 Man-at-Arms
36:14 Gambesons
36:03 Elite Throwing Axeman
36:03 Ordonnance Companies
37:04 Conscription
37:20 Hoardings
38:11 Chain Mail Armor
40:27 Ballistics
41:37 Long Swordsman
42:28 Squires
42:14 Arson
42:29 Two-Handed Swordsman
Connection lost

Rejoining the realm…

Still unreachable

The connection could not be restored.

Session expired

The server has moved on; the page needs a fresh start.